 Dungeon Crawl Stone Soup version 0.24-a0-292-g5c6fb1c (webtiles) character file.

Game seed: 18249524228096718845

203 theanonym the Chopper (level 5, -6/45 HPs)
             Began as a Minotaur Chaos Knight on May 10, 2019.
             Mangled by a sixfirhy (9 damage)
             ... summoned by Xom
             ... on level 2 of the Dungeon.
             The game lasted 00:03:13 (2170 turns).

theanonym the Chopper (Minotaur Chaos Knight)       Turns: 2170, Time: 00:03:14

Health: -6/45      AC:  5    Str: 17    XL:     5   Next: 51%
Magic:  4/4        EV:  7    Int: 14    God:
Gold:   66         SH:  0    Dex: 10    Spells: 4/4 levels left

rFire    . . .     SeeInvis .   a - +1 hand axe (chaos)
rCold    . . .     Gourm    .   (no shield)
rNeg     . . .     Faith    .   g - +0 chain mail
rPois    +         Spirit   .   (helmet restricted)
rElec    .         Reflect  .   (no cloak)
rCorr    .         Harm     .   h - +0 pair of gloves
MR       .....                  (no boots)
Stlth    ..........             o - amulet of magic regeneration
HPRegen  0.15/turn              (no ring)
MPRegen  0.34/turn              i - ring of poison resistance

@: brilliant, corroded, slowed, very slow
A: retaliatory headbutt, horns 2
a: no special abilities


Innate Abilities, Weirdness & Mutations

You reflexively headbutt those who attack you in melee.
You have a pair of horns on your head.


   Skills:
 - Level 3.6 Fighting
 + Level 7.6 Axes
 - Level 2.4 Armour
 - Level 1.1 Dodging


You had 4 spell levels left.
You didn't know any spells.
Your spell library was empty.

Skill      XL: |  1  2  3  4  5 |
---------------+----------------+-----
Axes           | 4 5 6 7 |  7.6
Fighting       | |  3.6
Armour         | |  2.4
Dodging        | |  1.1

Action                   |  1- 3 |  4- 6 || total
-------------------------+-------+-------++-------
Melee: Hand axe          |    70 |    62 ||   132
       Headbutt          |    10 |    12 ||    22
Invok: Renounce Religion |     1 |       ||     1
  Use: Potion            |     2 |     2 ||     4
       Scroll            |       |     3 ||     3
  Eat: Chunk             |     1 |     3 ||     4
Armor: Leather armour    |    23 |     1 ||    24
       Scale mail        |       |    14 ||    14
       Chain mail        |       |     6 ||     6
Dodge: Dodged            |    43 |    36 ||    79

Inventory:

Hand Weapons
 a - a +1 hand axe of chaos (weapon)
Missiles
 k - 107 stones (quivered)
Armour
 b - a +2 leather armour
 d - a +0 scale mail
 g - a +0 chain mail (worn)
 h - a +0 pair of gloves (worn)
Jewellery
 c - an uncursed ring of ice
 i - a ring of poison resistance (right hand)
 o - an amulet of magic regeneration (around neck)
Comestibles
 e - 4 rations


You were on level 2 of the Dungeon.
You were not hungry.

You visited 1 branch of the dungeon, and saw 2 of its levels.

You collected 66 gold pieces.

Dungeon Overview and Level Annotations

Branches:
Dungeon (2/15)

Altars:
Wu Jian

##......>#....#
#.#.#.#.#..
#.........#...#
#.#.#.#.###
######'#######.#...#
#.#...#....
........####.#.#...#
#.#########
........'....#.....#
#.#.......<
........####.#).#..#
#.#........
........####.#.5#..#
#.#.#......
...........#.#45##.#
#.#.#######
...).......#'#43@4{#
#.#.###....
..............54####
#.#...).###
#######........##
#.#########
#........# #...#
#.^.. #........#
###.###.###
#........# #.)##.#
#........# #.....#
#........# #.....#
####........#
#....##


You could see a hellwing, a rust devil, a sixfirhy, 2 chaos spawn, 2 white imps
and a shadow imp.

Notes
Turn   | Place    | Note
-------+----------+-------------------------------------------
     0 | D:1      | theanonym the Minotaur Chaos Knight began the quest for the
                  | Orb.
     0 | D:1      | Reached XP level 1. HP: 19/19 MP: 0/0
     0 | D:1      | Fell from the grace of Xom
    40 | D:1      | HP: 9/19 [kobold (4)]
   221 | D:1      | Reached skill level 4 in Axes
   271 | D:1      | Reached XP level 2. HP: 26/26 MP: 1/1
   728 | D:1      | Reached skill level 5 in Axes
   740 | D:1      | XOM: mild Hex miscast
   914 | D:1      | XOM: god gift: 31 stones
  1041 | D:2      | Reached XP level 3. HP: 19/31 MP: 2/2
  1055 | D:2      | HP: 15/31 [gnoll/+0 spear (5)]
  1062 | D:1      | HP: 15/31 [gnoll (5)]
  1260 | D:2      | Reached skill level 6 in Axes
  1260 | D:2      | Reached XP level 4. HP: 36/39 MP: 3/3
  1392 | D:2      | Found an ornate altar of the Wu Jian Council.
  1464 | D:2      | Noticed Jessica
  1465 | D:2      | Killed Jessica
  1542 | D:2      | Reached XP level 5. HP: 27/45 MP: 4/4
  1690 | D:2      | Reached skill level 7 in Axes
  2165 | D:2      | XOM: summons 9 hostile demons
  2166 | D:2      | Noticed a rust devil
  2166 | D:2      | Noticed a sixfirhy
  2166 | D:2      | Noticed a hellwing
  2166 | D:2      | Noticed a chaos spawn
  2166 | D:2      | Noticed a chaos spawn
  2169 | D:2      | HP: 12/45 [sixfirhy[Xom] (12)]
  2170 | D:2      | HP: 3/45 [sixfirhy[Xom] (9)]
  2170 | D:2      | Mangled by a sixfirhy

Vanquished Creatures
  Jessica (D:2)
  7 gnolls
  5 adders (D:2)
  4 worms (D:2)
  2 dart slugs
  2 ball pythons
  6 bats
  3 giant cockroaches (D:1)
  4 goblins
  6 hobgoblins
  2 jackals (D:1)
  5 kobolds
  A quokka (D:2)
  2 frilled lizards (D:1)
  4 rats
54 creatures vanquished.

Table legend:
 A = Turns spent in this place as a percentage of turns spent in the entire game.
 B = Non-inter-level travel turns spent in this place as a percentage of non-inter-level travel turns spent in the entire game.
 C = Inter-level travel turns spent in this place as a percentage of turns spent in this place.
 D = Turns resting spent in this place as a percentage of non-inter-level travel turns spent in this place.
 E = Turns spent auto-exploring this place as a percentage of non-inter-level travel turns spent in this place.
 F = Non-inter-level travel turns spent in this place divided by the number of levels of this place that you've seen.
                   A       B       C       D       E      F
               +-------+-------+-------+-------+-------+----------------------
         Total | 100.0 | 100.0 |   5.1 |  19.8 |  63.5 | 1029.5
       Dungeon | 100.0 | 100.0 |   5.1 |  19.8 |  63.5 | 1029.5
               +-------+-------+-------+-------+-------+----------------------
